 Dungeon Sprint DCSS version 0.26-a0-668-gd58323b419 (webtiles) character file.

Game seed: 6752323552204526022

1059 mhtbhm the Blocker (level 8, -15/56 HPs)
             Began as a Gargoyle Fighter on Oct 19, 2020.
             Was a Believer of Okawaru.
             Demolished by a boulder beetle (49 damage)
             ... in the Dungeon (Sprint IX: "|||||||||||||||||||||||||||||").
             The game lasted 00:02:11 (566 turns).

mhtbhm the Blocker (Gargoyle Fighter)                Turns: 566, Time: 00:02:12

Health: -15/56     AC: 17    Str: 22    XL:     8   Next: 27%
Magic:  7/8        EV: 11    Int: 15    God:    Okawaru [**....]
Gold:   0          SH: 12    Dex:  9    Spells: 7/7 levels left

rFire    . . .     SeeInvis .   a - +0 flail
rCold    . . .     Faith    .   c - +0 kite shield
rNeg     + . .     Spirit   .   b - +2 ring mail
rPois    ∞         Reflect  .   n - +0 helmet
rElec    +         Harm     .   (no cloak)
rCorr    .         Rampage  .   (no gloves)
MR       .....     NoTele   +   o - +0 pair of boots
Stlth    ..........             (no amulet)
HPRegen  0.18/turn              p - +3 ring of intelligence
MPRegen  0.11/turn              q - +3 ring of intelligence

@: no status effects
A: negative energy resistance 1, electricity resistance, unbreathing,
petrification resistance, rot immunity, AC +5
a: Heroism, Renounce Religion


You were in the Dungeon.
You worshipped Okawaru.
Okawaru was pleased with you.
You visited 1 branch

Inventory:

Hand Weapons
 a - a +0 flail (weapon)
Armour
 b - a +2 ring mail (worn)
 c - a +0 kite shield (worn)
 n - a +0 helmet (worn)
 o - a +0 pair of boots (worn)
Jewellery
 p - a +3 ring of intelligence (left hand)
 q - a +3 ring of intelligence (right hand)
Wands
 m - a wand of acid (4)
Scrolls
 j - a scroll of blinking
 k - 3 scrolls of remove curse
 l - 2 scrolls of amnesia
Potions
 e - 5 potions of curing
 f - a potion of heal wounds
 g - a potion of haste
 h - 4 potions of magic
 i - a potion of invisibility


   Skills:
 + Level 8.8 Fighting
 + Level 9.0 Maces & Flails
 + Level 9.6 Armour
 + Level 4.2 Dodging
 + Level 10.5 Shields
 + Level 0.7 Invocations
 + Level 1.4 Evocations


You had 7 spell levels left.
You didn't know any spells.
Your spell library was empty.

Dungeon Overview and Level Annotations

Branches:
Dungeon (1/1)

Altars:
Cheibriados
Dithmenos
Elyvilon
Fedhas
Gozag
Hepliaklqana
Kikubaaqudgha
Makhleb
Nemelex Xobeh
Okawaru
Qazlal
Ru
Sif Muna
Trog
Uskayaw
Vehumet
Wu Jian
Xom
Yredelemnul
Zin
The Shining One
Beogh
Jiyva
Lugonu


Innate Abilities, Weirdness & Mutations

You are resistant to torment.
Your stone body is resilient. (AC +5)
You are immune to poison.
You resist negative energy. (rN+)
You are resistant to electric shocks. (rElec)
You can survive without breathing.
You are immune to petrification.
You are immune to rotting.


Message History

You block the bullfrog's attack.
The boulder beetle curls into a ball and begins rolling!
The bullfrog hits you but does no damage.
You closely miss the bullfrog.
The bullfrog is severely wounded.
The bullfrog hits you but does no damage.
Unknown command.
You hit the bullfrog.
The bullfrog is severely wounded.
You block the bullfrog's attack.
You barely miss the bullfrog.
The bullfrog is severely wounded.
You block the bullfrog's attack.
You hit the boulder beetle but do no damage.
The boulder beetle is almost dead.
The boulder beetle is no longer covered in acid.
The bullfrog snags a nearby small bird with its tongue.
The boulder beetle hits you!!!
Ouch! That really hurt!
You die... ▓▓▓▓▓▓▓▓▓▓▓▓▓▓▓▓▓▓▓▓▓▓▓▓▓▓▓▓▓▓ ______'..)...[..@BF†...'§.WF.. ▓▓▓▓▓▓▓▓▓▓▓▓▓▓▓▓▓▓▓▓▓▓▓▓▓▓▓▓▓▓

You could see a boulder beetle and a bullfrog.

Vanquished Creatures
  A deep elf mage (D)
  A wraith (D)
  A yak (D)
  A sky beast (D)
  An ice beast (D)
  An ogre (D)
  2 quasits (D)
  A worker ant (D)
  A worm (D)
  2 leopard geckos (D)
  3 orcs (D)
  2 hobgoblins (D)
  A jackal (D)
  2 goblins (D)
20 creatures vanquished.

Notes
Turn   | Place    | Note
-------+----------+-------------------------------------------
     0 | D        | mhtbhm the Gargoyle Fighter began the quest for the Orb.
     0 | D        | Reached XP level 1. HP: 14/14 MP: 1/1
    23 | D        | Reached XP level 2. HP: 20/20 MP: 2/2
   130 | D        | Noticed an ogre
   142 | D        | Killed an ogre
   142 | D        | Reached skill level 5 in Armour
   142 | D        | Reached skill level 1 in Dodging
   142 | D        | Reached skill level 5 in Shields
   142 | D        | Reached XP level 3. HP: 10/28 MP: 3/3
   142 | D        | Reached XP level 4. HP: 11/32 MP: 4/4
   168 | D        | HP: 1/32 [leopard gecko (1)]
   398 | D        | Found a roughly hewn altar of Beogh.
   398 | D        | Found a snail-covered altar of Cheibriados.
   398 | D        | Found a shadowy altar of Dithmenos.
   398 | D        | Found a white marble altar of Elyvilon.
   398 | D        | Found a blossoming altar of Fedhas.
   398 | D        | Found an opulent altar of Gozag.
   399 | D        | Found a hazy altar of Hepliaklqana.
   400 | D        | Found a viscous altar of Jiyva.
   401 | D        | Found an ancient bone altar of Kikubaaqudgha.
   402 | D        | Found a corrupted altar of Lugonu.
   403 | D        | Found a burning altar of Makhleb.
   404 | D        | Found a sparkling altar of Nemelex Xobeh.
   405 | D        | Found an iron altar of Okawaru.
   406 | D        | Found a stormy altar of Qazlal.
   407 | D        | Found a sacrificial altar of Ru.
   408 | D        | Found a shimmering blue altar of Sif Muna.
   409 | D        | Found a bloodstained altar of Trog.
   410 | D        | Found a hide-covered altar of Uskayaw.
   411 | D        | Found a radiant altar of Vehumet.
   412 | D        | Found an ornate altar of the Wu Jian Council.
   413 | D        | Found a shimmering altar of Xom.
   414 | D        | Found a basalt altar of Yredelemnul.
   415 | D        | Found a glowing silver altar of Zin.
   419 | D        | Became a worshipper of Warmaster Okawaru
   423 | D        | Found a glowing golden altar of the Shining One.
   478 | D        | Noticed a sky beast
   478 | D        | Noticed a yak
   488 | D        | Killed a sky beast
   488 | D        | Reached skill level 6 in Shields
   488 | D        | Reached XP level 5. HP: 28/38 MP: 5/5
   498 | D        | Reached skill level 7 in Shields
   501 | D        | Reached skill level 5 in Maces & Flails
   501 | D        | Reached XP level 6. HP: 26/44 MP: 6/6
   509 | D        | Killed a yak
   509 | D        | Reached * piety under Okawaru
   509 | D        | Reached skill level 8 in Shields
   518 | D        | Noticed an ice beast
   518 | D        | Noticed a deep elf mage
   518 | D        | Noticed a wraith
   518 | D        | Noticed a boulder beetle
   546 | D        | Killed a deep elf mage
   546 | D        | Reached ** piety under Okawaru
   546 | D        | Reached skill level 10 in Shields
   546 | D        | Reached skill level 1 in Evocations
   546 | D        | Reached XP level 7. HP: 30/50 MP: 5/7
   546 | D        | Reached XP level 8. HP: 33/55 MP: 5/8
   558 | D        | Killed a wraith
   566 | D        | Demolished by a boulder beetle

Illustrated notes

Levels and vault maps discovered:
D:        linesprint [early_d, line_temple, items_1, d_10, items_2, lair_1,
          lair_end, items_3, orc_1, orc_end, items_4, d_15, swamp_1, shoals_1,
          snake_1, spider_1, d_20, vaults_1, items_5, swamp_end, shoals_end,
          snake_end, spider_end, vaults_end, d_27, items_6, zot_1, zot_end,
          crypt_end, forest_end, elf_end, slime_end, tomb_end, abyss_end,
          pan_hell_end]

Skill      XL: |  1  2  3  4  5  6  7  8 |
---------------+-------------------------+-----
Fighting       | 4 6 7 8 |  8.8
Maces & Flails | 3 4 5 8 9 |  9.0
Armour         | 5 7 9 |  9.6
Dodging        | 1 2 4 |  4.2
Shields        | 5 6 7 10 | 10.5
Evocations     | 1 |  1.4
Invocations    | |  0.7

Action                   |  1- 3 |  4- 6 |  7- 9 || total
-------------------------+-------+-------+-------++-------
Melee: Flail             |    31 |    80 |    18 ||   129
Invok: Heroism           |       |     1 |       ||     1
Evoke: Wand              |       |     3 |     3 ||     6
  Use: Potion            |     1 |     3 |       ||     4
       Scroll            |       |     1 |       ||     1
Armor: Scale mail        |    12 |    19 |       ||    31
       Ring mail         |       |    32 |     5 ||    37
Dodge: Dodged            |     5 |    24 |     3 ||    32
Block: Kite shield       |     9 |    52 |     9 ||    70

Table legend: (Time is in decaauts)
 A = Elapsed time spent in this place.
 B = Non-inter-level travel time spent in this place.
 C = Inter-level travel time spent in this place.
 D = Time resting spent in this place.
 E = Time spent auto-exploring this place.
 F = Levels seen in this place.
 G = Mean time per level.
                   A        B        C        D        E       F      G
               +--------+--------+--------+--------+--------+-----+--------+
         Total |    602 |    602 |      0 |    316 |      3 |   1 |  602.0 |
       Dungeon |    602 |    602 |      0 |    316 |      3 |   1 |  602.0 |
               +--------+--------+--------+--------+--------+-----+--------+

Top non-repeatable levels by time:
       D: 602 daAuts
